 Dungeon Crawl Stone Soup version 0.29.0-13-gc9e81de378 (webtiles) character file.

Game seed: 9074739274684095696

204 raistware the Conjurer (level 5, -1/33 HPs)
             Began as an Octopode Conjurer on Sept 8, 2022.
             Slain by a river rat (2 damage)
             ... on level 4 of the Dungeon.
             The game lasted 00:06:26 (2718 turns).

raistware the Conjurer (Octopode Conjurer)          Turns: 2718, Time: 00:06:27

Health: -1/33      AC:  1    Str:  6    XL:     5   Next: 82%
Magic:  8/11       EV: 14    Int: 22    God:
Gold:   114        SH:  0    Dex: 17    Spells: 6/12 levels left

rFire   . . .      SeeInvis .   q - +4 morningstar "Grum" {vorpal, Dex+6}
rCold   . . .      Faith    .   (no shield)
rNeg    . . .      Spirit   .   (helmet restricted)
rPois   .          Reflect  .   p - amulet of magic regeneration
rElec   .          Harm     .   (no ring)
rCorr   .          Rampage  .   (no ring)
Will    .....      NoTele   +   (no ring)
Stlth   ++++......              (no ring)
HPRegen 0.11/turn               (no ring)
MPRegen 0.52/turn               (no ring)
                                (no ring)
                                (no ring)

@: immobile, very slightly contaminated
A: almost no armour, amphibious, 8 rings, camouflage 1, gelatinous body 1,
nimble swimmer 1, tentacles
a: no special abilities


You were on level 4 of the Dungeon.
You visited 1 branch of the dungeon, and saw 4 of its levels.

You collected 128 gold pieces.
You spent 14 gold pieces at shops.

Inventory:

Hand Weapons
 j - a +0 quarterstaff
 q - the +4 morningstar "Grum" (weapon) {vorpal, Dex+6}
   (You found it on level 3 of the Dungeon)

   It inflicts extra damage upon your enemies.
   Dex:       It affects your dexterity (+6).
Missiles
 g - 2 poisoned darts
Magical Staves
 n - a staff of conjuration
Jewellery
 l - an amulet of reflection
 p - an amulet of magic regeneration (around mantle)
Wands
 s - a wand of iceblast (11)
Scrolls
 b - 6 scrolls of identify {unknown}
 c - 2 scrolls of butterflies {unknown}
 d - a scroll of amnesia {unknown}
 e - a scroll of vulnerability {unknown}
 k - 2 scrolls of noise {unknown}
 m - a scroll of summoning {unknown}
Potions
 a - a potion of magic
 f - 2 potions of resistance {unknown}
 h - a potion of ambrosia {unknown}
 i - a potion of attraction {unknown}
 o - a potion of might {unknown}
 r - 2 potions of curing {unknown}


   Skills:
 - Level 1.0 Fighting
 - Level 3.0 Dodging
 - Level 3.0 Stealth
 + Level 4.1 Spellcasting
 + Level 4.1 Conjurations
 - Level 2.0 Translocations


You had 6 spell levels left.
You knew the following spells:

 Your Spells              Type           Power      Damage    Failure   Level
a - Magic Dart            Conj           88%        1d7       1%          1
b - Apportation           Tloc           26%        N/A       4%          1
c - Iskenderun's Mystic   Conj/Tloc      18%        2d6       30%         4

Your spell library contained the following spells:

 Spells                   Type           Power      Damage    Failure   Level
 Searing Ray              Conj           44%        2d6       3%          2
 Necrotise                Necr           16%        1d4       11%         1
 Summon Small Mammal      Summ           16%        N/A       11%         1
 Dazzling Flash           Conj/Hex       26%        N/A       14%         3
 Confusing Touch          Hex            4%         N/A       32%         3
 Fulminant Prism          Conj/Hex       6%         3d7       43%         4
 Yara's Violent Unravell  Hex/Tmut       2%         3d3       97%         5
 Enfeeble                 Hex            2%         N/A       100%        7


Dungeon Overview and Level Annotations

Branches:
Dungeon (4/15)
 Temple: D:4-7

Altars:
Dithmenos
Hepliaklqana
Wu Jian

Shops:
D:2 !


Innate Abilities, Weirdness & Mutations

You cannot wear most types of armour.
You are amphibious.
You can wear up to eight rings at the same time.
Your skin changes colour to match your surroundings (Stealth+).
Your rubbery body absorbs attacks. (AC +1, EV +1)
You are camouflaged when in or above water. (Stealth+)
You have tentacles for arms and can constrict up to eight enemies at once.


Message History

Press: ? - help, Shift-Dir - straight line, f/p - river rat
Aim: a river rat (100% to hit)
The magic dart hits the river rat.
The river rat is lightly wounded.
Unknown command.
Casting: Magic Dart (safe; 1% risk of failure)
Confirm with . or Enter, or press ? or * to list all spells.
Aiming: Magic Dart (safe; 1% risk of failure)
Press: ? - help, Shift-Dir - straight line, f/p - river rat
Aim: a river rat (lightly wounded, 100% to hit)
The magic dart hits the river rat but does no damage.
The river rat is lightly wounded.
Casting: Magic Dart (safe; 1% risk of failure)
Confirm with . or Enter, or press ? or * to list all spells.
Aiming: Magic Dart (safe; 1% risk of failure)
Press: ? - help, Shift-Dir - straight line, f/p - river rat
Aim: a river rat (lightly wounded, 100% to hit)
The magic dart hits the river rat but does no damage.
The river rat is lightly wounded.
You hit the river rat but do no damage. Your grab misses the river rat.
The river rat bites you.
You closely miss the river rat. You grab the river rat.
You squeeze the river rat, but do no damage.
You constrict the river rat, but do no damage.
The river rat bites you. The river rat barely misses you.
You hit the river rat but do no damage.
You constrict the river rat, but do no damage.
The river rat bites you but does no damage.
You completely miss the river rat. You constrict the river rat.
The river rat bites you!
* * * LOW HITPOINT WARNING * * *
The river rat misses you.
Casting: Magic Dart (safe; 1% risk of failure)
Confirm with . or Enter, or press ? or * to list all spells.
The spell is extremely dangerous to miscast (30% risk of failure)!
Continue anyway?
You miscast Iskenderun's Mystic Blast.
You are very lightly contaminated with residual magic.
Space warps crazily around you.
You are magically locked in place.
You constrict the river rat. The river rat bites you.
You die...

................ #.
...[r........# ...
~~~~~.~.##.###...
####~#~#~~.........
#~~~~~~~~†#........
#~########'........
#~~~~~~# ##........
####~#~# #<....###.
#~@~~#~# #.........
#r##~#w# #########.
#~ ~~#r# #~ ~##r#
#~#~ ~~ #~#~ ~#
####


You could see a river rat.

Vanquished Creatures
  A black bear (D:3)
  3 adders
  4 river rats (D:4)
  4 worms
  An orc (D:3)
  2 bats
  5 endoplasms
  3 giant cockroaches
  2 hobgoblins (D:1)
  3 jackals (D:2)
  2 kobolds (D:3)
  3 quokkas
  A ball python (D:1)
  6 goblins
  2 rats
42 creatures vanquished.

Notes
Turn   | Place    | Note
-------+----------+-------------------------------------------
     0 | D:1      | raistware the Octopode Conjurer began the quest for the
                  | Orb.
     0 | D:1      | Reached XP level 1. HP: 11/11 MP: 3/3
   657 | D:1      | Reached XP level 2. HP: 17/17 MP: 1/5
   949 | D:2      | Found Atygiseh's Distillery.
   987 | D:2      | Bought a potion of degeneration for 14 gold pieces
  1143 | D:2      | Reached XP level 3. HP: 21/21 MP: 1/7
  1534 | D:2      | Learned a level 1 spell: Apportation
  1613 | D:3      | Noticed a black bear
  1709 | D:3      | Identified the +4 morningstar "Grum" {vorpal, Dex+6}
  2036 | D:3      | Found a shadowy altar of Dithmenos.
  2036 | D:3      | Noticed a shadow
  2037 | D:3      | Found a hazy altar of Hepliaklqana.
  2067 | D:3      | Reached XP level 4. HP: 27/27 MP: 5/9
  2072 | D:3      | Learned a level 4 spell: Iskenderun's Mystic Blast
  2086 | D:3      | Found a faded altar of an unknown god.
  2175 | D:3      | Reached skill level 1 in Translocations
  2181 | D:3      | Killed a black bear
  2182 | D:3      | Reached skill level 1 in Fighting
  2182 | D:3      | Reached XP level 5. HP: 8/33 MP: 6/11
  2439 | D:3      | Found an ornate altar of the Wu Jian Council.
  2717 | D:4      | HP: 1/33 [river rat (10)]
  2718 | D:4      | Slain by a river rat

Illustrated notes

Levels and vault maps discovered:
D:1:      moated_graveyard_arrival, layout_basic, minmay_misc_feat_diagonals
D:2:      layout_basic, serial_shops, shop
D:3:      layout_loops_cross, riverfiend_overflow_shadow_ancestor,
          nicolae_wu_jian_immortal_techniques,
          shapermc_ecumenical_altar_mp_ritualfount
D:4:      layout_basic, xom_butterflies, mainiacjoe_overflow_small_starburst,
          serial_shops, nicolae_shop_hallway_stairs, lightli_sewer_entry_pipes,
          hangedman_decor_riveting, minmay_box_of_dots

Skill      XL: |  1  2  3  4  5 |
---------------+----------------+-----
Spellcasting   | 3 4 |  4.1
Translocations | 2 |  2.0
Stealth        | 3 |  3.0
Fighting       | 1 |  1.0
Dodging        | 3 |  3.0
Conjurations   | |  4.1

Action                   |  1- 3 |  4- 6 || total
-------------------------+-------+-------++-------
Melee: Whip              |     8 |       ||     8
       Constrict         |     3 |     5 ||     8
       Tentacles         |     3 |     1 ||     4
       Morningstar       |     6 |    23 ||    29
       Punch             |       |     1 ||     1
 Cast: Magic Dart        |    50 |    17 ||    67
       Iskenderun's Myst |       |     3 ||     3
Evoke: Wand              |       |     1 ||     1
  Use: Potion            |       |     1 ||     1
 Stab: Sleeping          |     4 |     1 ||     5
Armor: Skin              |       |     3 ||     3
Dodge: Dodged            |     2 |    13 ||    15
